 Dungeon Crawl Stone Soup version 0.26-a0-519-gb2f46ef (webtiles) character file.

Game seed: 17530071163234951199

114 MrTaco21 the Cudgeler (level 4, 0/28 HPs)
             Began as a Gargoyle Fighter on Aug 11, 2020.
             Slain by a scorpion (4 damage)
             ... on level 4 of the Dungeon.
             The game lasted 00:02:36 (1158 turns).

MrTaco21 the Cudgeler (Gargoyle Fighter)            Turns: 1158, Time: 00:02:36

Health: 0/28       AC: 11    Str: 26    XL:     4   Next: 97%
Magic:  4/4        EV:  7    Int:  9    God:
Gold:   61         SH:  9    Dex:  9    Spells: 3/3 levels left

rFire    . . .     SeeInvis .   a - +0 flail
rCold    . . .     Faith    .   c - +0 kite shield
rNeg     + . .     Spirit   .   b - +0 scale mail
rPois    ∞         Reflect  .   (no helmet)
rElec    +         Harm     .   (no cloak)
rCorr    .                      f - +0 pair of gloves
MR       .....                  (no boots)
Stlth    ..........             (no amulet)
HPRegen  0.09/turn              e - +6 ring of strength
MPRegen  0.09/turn              (no ring)

@: no status effects
A: negative energy resistance 1, electricity resistance, unbreathing,
petrification resistance, rot immunity, AC +3
a: no special abilities


You were on level 4 of the Dungeon.
You visited 1 branch of the dungeon, and saw 3 of its levels.

You collected 61 gold pieces.

Inventory:

Hand Weapons
 a - a +0 flail (weapon)
Armour
 b - a +0 scale mail (worn)
 c - a +0 kite shield (worn)
 f - a +0 pair of gloves (worn)
   (You found it on level 1 of the Dungeon)
Jewellery
 e - a +6 ring of strength (left hand)
   (You found it on level 1 of the Dungeon)
Potions
 d - a potion of might


   Skills:
 - Level 3.2 Fighting
 + Level 5.0 Maces & Flails
 - Level 3.2 Armour
 - Level 3.2 Shields


You had 3 spell levels left.
You didn't know any spells.
Your spell library was empty.

Dungeon Overview and Level Annotations

Branches:
Dungeon (2/15)

Altars:


Innate Abilities, Weirdness & Mutations

You are resistant to torment.
Your stone body is resilient. (AC +3)
You are immune to poison.
You resist negative energy. (rN+)
You are resistant to electric shocks. (rElec)
You can survive without breathing.
You are immune to petrification.
You are immune to rotting.


Message History

You hit the scorpion but do no damage.
The bullfrog skeleton barely misses you.
You block the scorpion's attack.
The bullfrog skeleton hits you but does no damage.
You block the scorpion's attack.
You hit the scorpion but do no damage. The bullfrog skeleton hits you.
* * * LOW HITPOINT WARNING * * *
You block the scorpion's attack.
You block the bullfrog skeleton's attack.
You sock the bullfrog skeleton!
You block the bullfrog skeleton's attack.
You sock the scorpion! You barely miss the scorpion. The scorpion stings you.
* * * LOW HITPOINT WARNING * * *
The scorpion stings you but does no damage.
You closely miss the scorpion. You block the scorpion's attack.
Your scale mail prevents you from hitting the scorpion.
The scorpion stings you but does no damage.
You barely miss the scorpion. The scorpion stings you.
* * * LOW HITPOINT WARNING * * *
You closely miss the scorpion. You block the scorpion's attack.
The scorpion stings you but does no damage.
Unknown command.
You hit the scorpion but do no damage. You block the scorpion's attack.
Unknown command.
You barely miss the scorpion. You block the scorpion's attack.
You closely miss the scorpion. The scorpion stings you.
* * * LOW HITPOINT WARNING * * *
You closely miss the scorpion. The scorpion closely misses you.
Unknown command.
You hit the scorpion but do no damage.
The scorpion stings you but does no damage.
The scorpion stings you.
* * * LOW HITPOINT WARNING * * *
Unknown command.
You hit the scorpion. The scorpion barely misses you.
Unknown command.
You closely miss the scorpion.
The scorpion stings you but does no damage.
You barely miss the scorpion. The scorpion barely misses you.
Unknown command.
You closely miss the scorpion. The scorpion barely misses you.
The scorpion stings you but does no damage.
Unknown command.
You hit the scorpion but do no damage.
The scorpion stings you but does no damage.
Unknown command.
Unknown command.
You hit the scorpion. The scorpion stings you.
You die...

.. #.## #. #..# ...
... .... #.# ....
#######.##..#
.........†..# .
######s###.#...
#.@.......
##..#.....
#######..#.####
#..........#
#..........#
#..........#
##...###+#.# #...#
#...#
####...###...#######


You could see a scorpion.

Vanquished Creatures
  A hound (D:4)
  A worker ant (D:4)
  2 adders (D:4)
  2 dart slugs (D:1)
  3 leopard geckos (D:1)
  10 bats (D:1)
  A goblin (D:1)
  4 hobgoblins (D:1)
  2 jackals (D:1)
  8 kobolds (D:1)
  A ball python (D:1)
  3 frilled lizards (D:1)
  A rat (D:1)
39 creatures vanquished.

Notes
Turn   | Place    | Note
-------+----------+-------------------------------------------
     0 | D:1      | MrTaco21 the Gargoyle Fighter began the quest for the Orb.
     0 | D:1      | Reached XP level 1. HP: 14/14 MP: 1/1
   128 | D:1      | Reached XP level 2. HP: 19/19 MP: 2/2
   186 | D:1      | Reached skill level 3 in Maces & Flails
   287 | D:1      | Reached XP level 3. HP: 23/23 MP: 3/3
   851 | D:2      | You fall into a shaft and drop 2 floors!
   898 | D:4      | Reached skill level 4 in Maces & Flails
   914 | D:4      | Reached XP level 4. HP: 14/28 MP: 4/4
  1130 | D:4      | Reached skill level 5 in Maces & Flails
  1158 | D:4      | Slain by a scorpion

Illustrated notes

Levels and vault maps discovered:
D:1:      evilmike_arrival_fibonacci_small, layout_basic
D:2:      layout_basic, ashenzari_conservatory_becter, uniq_terence
D:4:      layout_basic, gammafunk_temple_overflow_wave,
          chequers_serial_rivers_large_a

Skill      XL: |  1  2  3  4 |
---------------+-------------+-----
Maces & Flails | 3 4 5 |  5.0
Fighting       | |  3.2
Armour         | |  3.2
Shields        | |  3.2

Action                   |  1- 3 |  4- 6 || total
-------------------------+-------+-------++-------
Melee: Flail             |   145 |    51 ||   196
Armor: Scale mail        |    84 |    32 ||   116
Dodge: Dodged            |    50 |    17 ||    67
Block: Kite shield       |    91 |    38 ||   129

Table legend: (Time is in decaauts)
 A = Elapsed time spent in this place.
 B = Non-inter-level travel time spent in this place.
 C = Inter-level travel time spent in this place.
 D = Time resting spent in this place.
 E = Time spent auto-exploring this place.
 F = Levels seen in this place.
 G = Mean time per level.
                   A        B        C        D        E       F      G
               +--------+--------+--------+--------+--------+-----+--------+
         Total |   1214 |   1177 |     37 |    153 |    648 |   3 |  404.7 |
       Dungeon |   1214 |   1177 |     37 |    153 |    648 |   3 |  404.7 |
               +--------+--------+--------+--------+--------+-----+--------+

Top non-repeatable levels by time:
     D:1: 874 daAuts
     D:4: 325 daAuts
     D:2: 14 daAuts
